 Dungeon Crawl Stone Soup version 0.26-a0-1038-gfb849e850a (webtiles) character file.

Game seed: 14471759249317911282

17 elricsfate the Cutter (level 2, -4/20 HPs)
             Began as a Kobold Berserker on Dec 11, 2020.
             Was a Follower of Trog.
             Killed from afar by Sigmund (5 damage)
             ... with a magic dart
             ... on level 2 of the Dungeon.
             The game lasted 00:02:40 (1042 turns).

elricsfate the Cutter (Kobold Berserker)            Turns: 1042, Time: 00:02:41

Health: -4/20      AC:  2    Str: 14    XL:     2   Next: 80%
Magic:  2/2        EV: 15    Int:  8    God:    Trog [*.....]
Gold:   18         SH:  0    Dex: 14    Spells: 1/1 levels left

rFire    . . .     SeeInvis .   a - +0 short sword
rCold    . . .     Faith    .   (shield restricted)
rNeg     . . .     Spirit   .   b - +0 animal skin
rPois    .         Reflect  .   (no helmet)
rElec    .         Harm     .   (no cloak)
rCorr    .         Rampage  .   (no gloves)
Will     .....                  (no boots)
Stlth    +++.......             (no amulet)
HPRegen  0.06/turn              (no ring)
MPRegen  0.08/turn              (no ring)

@: no status effects
A: small, nightstalker 3
a: Berserk, Renounce Religion


You were on level 2 of the Dungeon.
You worshipped Trog.
Trog was aware of your devotion.
You visited 1 branch of the dungeon, and saw 2 of its levels.

You collected 18 gold pieces.

Inventory:

Hand Weapons
 a - a +0 short sword (weapon)
Armour
 b - a +0 animal skin (worn)
Scrolls
 c - 4 scrolls of remove curse {unknown}
 d - 3 scrolls of identify {unknown}
 f - a scroll of enchant armour {unknown}
Potions
 e - 2 potions of cancellation {unknown}


   Skills:
 + Level 3.7 Fighting
 + Level 4.4 Short Blades
 + Level 1.6 Armour
 + Level 2.5 Dodging
 + Level 1.0 Stealth


You had one spell level left.
You didn't know any spells.
Your spell library was empty.

Dungeon Overview and Level Annotations

Branches:
Dungeon (2/15)

Altars:

Annotations:
D:2 Sigmund


Innate Abilities, Weirdness & Mutations

You are small and have problems with some larger weapons.
You are completely attuned to the shadows.


Message History

You closely miss Sigmund.
Sigmund is moderately wounded.
You barely miss Sigmund.
Sigmund is moderately wounded.
Sigmund misses you.
You closely miss Sigmund.
Sigmund is moderately wounded.
Sigmund closely misses you.
You barely miss Sigmund.
Sigmund is moderately wounded.
You barely miss Sigmund.
Sigmund is moderately wounded.
Sigmund barely misses you.
You hit Sigmund.
Sigmund is heavily wounded.
You barely miss Sigmund.
Sigmund is heavily wounded.
Sigmund gestures at you while chanting. The magic dart hits you.
You die...

......#..##.#####
####..#.........#
........###.###.#
......### #.# #.#
....... ..# #.#
..##.### #### #.#
..##. #.# ..#
#.#.#### ..##.
#....@@.# .....
......#.# .....
.#.##.# # ####.
#. ..# #.# # # #


You could see Sigmund.

Vanquished Creatures
  3 giant cockroaches (D:1)
  A goblin (D:2)
  5 hobgoblins (D:1)
  A bat (D:1)
  3 frilled lizards
  2 kobolds (D:1)
  A rat (D:1)
16 creatures vanquished.

Notes
Turn   | Place    | Note
-------+----------+-------------------------------------------
     0 | D:1      | elricsfate the Kobold Berserker began the quest for the
                  | Orb.
     0 | D:1      | Reached XP level 1. HP: 14/14 MP: 1/1
   196 | D:1      | Reached XP level 2. HP: 7/19 MP: 2/2
   959 | D:2      | Reached skill level 1 in Stealth
  1023 | D:2      | Noticed Sigmund
  1031 | D:2      | HP: 1/20 [Sigmund/+0 scythe (12)]
  1042 | D:2      | Killed from afar by Sigmund

Illustrated notes

Levels and vault maps discovered:
D:1:      roderic_crossed_star, layout_rooms
D:2:      layout_loops_cross, uniq_sigmund

Skill      XL: |  1  2 |
---------------+-------+-----
Stealth        | 1 |  1.0
Fighting       | |  3.7
Short Blades   | |  4.4
Armour         | |  1.6
Dodging        | |  2.5

Action                   || total
-------------------------++-------
Melee: Short sword       ||    51
Invok: Berserk           ||     1
 Stab: Sleeping          ||     9
Armor: Animal skin       ||     2
Dodge: Dodged            ||    20

Table legend: (Time is in decaauts)
 A = Elapsed time spent in this place.
 B = Non-inter-level travel time spent in this place.
 C = Inter-level travel time spent in this place.
 D = Time resting spent in this place.
 E = Time spent auto-exploring this place.
 F = Levels seen in this place.
 G = Mean time per level.
                   A        B        C        D        E       F      G
               +--------+--------+--------+--------+--------+-----+--------+
         Total |   1049 |   1021 |     28 |      0 |    906 |   2 |  524.5 |
       Dungeon |   1049 |   1021 |     28 |      0 |    906 |   2 |  524.5 |
               +--------+--------+--------+--------+--------+-----+--------+

Top non-repeatable levels by time:
     D:1: 966 daAuts
     D:2: 83 daAuts
